 Dungeon Crawl Stone Soup version 0.30-a0-800-g7c544603b3 (webtiles) character file.

Game seed: 2077312249447372288

3042 NinjaNoafa the Summoner (level 9, 0/34 HPs)
             Began as a Felid Summoner on Feb 22, 2023.
             Was an Initiate of Gozag.
             Slain by a killer bee (8 damage)
             ... on level 9 of the Dungeon.
             The game lasted 00:51:09 (8510 turns).

NinjaNoafa the Summoner (Felid Summoner)            Turns: 8510, Time: 00:51:09

Health: 0/34       AC:  2    Str:  4    XL:     9   Next: 56%
Magic:  3/23       EV: 18    Int: 26    God:    Gozag
Gold:   991        SH:  0    Dex: 24    Spells: 11/27 levels left
                                        Lives:  0   Deaths: 2

rFire   . . .      SeeInvis +    (weapon unavailable)
rCold   . . .      Faith    .    (shield unavailable)
rNeg    . . .      Spirit   .    (body armour unavailable)
rPois   .          Reflect  .    (helmet unavailable)
rElec   .          Harm     .    (cloak unavailable)
rCorr   .          Rampage  .    (gloves unavailable)
Will    +....                    (boots unavailable)
Stlth   +++                      A - amulet of regeneration
HPRegen 1.05/turn                d - +6 ring of intelligence
MPRegen 0.18/turn                u - +6 ring of dexterity

@: lethally poisoned (0 -> -4), slowed, slow
A: very small, claws 1, fangs 3, see invisible, speed 1, shaggy fur 2, stealthy
paws, no weapons or thrown items, no armour, multi-lived
a: Renounce Religion, Potion Petition, Call Merchant, Bribe Branch


You were on level 9 of the Dungeon.
You worshipped Gozag.
Gozag was pleased with you.
You visited 2 branches of the dungeon, and saw 10 of its levels.

You collected 1696 gold pieces.
You spent 651 gold pieces at shops.
You paid 54 gold pieces to Gozag.

Inventory:

Jewellery
 d - a +6 ring of intelligence (left paw)
 u - a +6 ring of dexterity (right paw)
 w - a ring of fire
 A - an amulet of regeneration (around neck)
Wands
 j - a wand of flame (16)
 z - a wand of digging (1)
 E - a wand of mindburst (6)
Scrolls
 b - a scroll of noise {unknown}
 f - 4 scrolls of fog {unknown}
 g - a scroll of butterflies {unknown}
 h - 2 scrolls of enchant weapon {unknown}
 k - 3 scrolls of magic mapping
 m - 2 scrolls of brand weapon {unknown}
 n - 2 scrolls of vulnerability {unknown}
 o - 4 scrolls of enchant armour
 q - 2 scrolls of fear {unknown}
 v - a scroll of blinking {unknown}
 x - a scroll of amnesia {unknown}
 y - a scroll of teleportation {unknown}
 C - a scroll of torment {unknown}
Potions
 a - a potion of magic
 c - 3 potions of mutation
 e - 2 potions of brilliance
 i - 5 potions of heal wounds
 l - a potion of berserk rage
 p - 2 potions of degeneration
 r - 2 potions of flight
 s - 3 potions of curing
 t - 2 potions of lignification
 B - 3 potions of resistance
 D - a potion of cancellation
 F - a potion of attraction {unknown}


   Skills:
 - Level 2.6 Dodging
 - Level 2.6 Stealth
 + Level 9.8 Spellcasting
 - Level 5.0 Hexes
 - Level 10.0 Summonings
 + Level 4.8 Ice Magic
 - Level 7.0 Air Magic


You had 11 spell levels left.
You knew the following spells:

 Your Spells              Type           Power      Damage    Failure   Level
a - Summon Small Mammal   Summ           100%       N/A       1%          1
b - Call Imp              Summ           59%        N/A       1%          2
c - Call Canine Familiar  Summ           59%        N/A       1%          3
d - Summon Guardian Gole  Hex/Summ       51%        N/A       1%          3
e - Summon Lightning Spi  Summ/Air       54%        N/A       1%          4
f - Ozocubu's Armour      Ice            37%        N/A       1%          3

Your spell library contained the following spells:

 Spells                   Type           Power      Damage    Failure   Level
 Ozocubu's Refrigeration  Ice            18%        4d11      99%         7


Dungeon Overview and Level Annotations

Branches:
Dungeon (9/15)             Temple (1/1) D:5            Lair (0/5) D:8
    Orc: D:9-12

Altars:
Ashenzari
Cheibriados
Dithmenos
Fedhas
Gozag
Hepliaklqana
Kikubaaqudgha
Makhleb
Nemelex Xobeh
Okawaru
Qazlal
Sif Muna
Uskayaw
Vehumet
Wu Jian
Xom
The Shining One

Shops:
D:2 **   D:3 (   D:4 !

Annotations:
D:4 Blork the orc
D:6 1 transporter, barkas's ghost, novice DsSu
D:8 Maggie
Temple 4 transporters


Innate Abilities, Weirdness & Mutations

You have sharp claws.
You have razor-sharp teeth.
You have supernaturally acute eyesight. (SInv)
You cover ground quickly. (Speed+)
You are covered in thick fur. (AC +2)
Your paws help you pounce on unaware monsters.
You are incapable of wielding weapons or throwing items.
You cannot wear armour.
You gain extra lives every three experience levels.


Message History

The acid dragon closely misses your warg.
The acid dragon barely misses your warg.
Your warg closely misses the acid dragon.
The acid dragon barely misses your warg.
The acid dragon closely misses your warg.
Your warg bites the acid dragon!
Your icy armour will break if you move.
Continue?
Your icy armour cracks and falls away as you move.
A killer bee comes into view.
Your warg bites the acid dragon!
The acid dragon bites your warg.
The acid dragon closely misses your warg.
The wight throws a curare-tipped dart.
The curare-tipped dart closely misses you.
The wight throws a curare-tipped dart.
The curare-tipped dart hits you.
You are poisoned.
You have difficulty breathing.
You feel yourself slow down.
There is an open door here.
You feel sick.
You feel sick.
The killer bee attacks as you move away!
The killer bee closely misses you.
You feel sick. The killer bee stings you!
* * * LOW HITPOINT WARNING * * *
You feel sick. The killer bee closely misses you. The killer bee stings you.
* * * LOW HITPOINT WARNING * * *
Okay, then.
You feel better. The killer bee misses you. The killer bee closely misses you.
The killer bee stings you.
* * * LOW HITPOINT WARNING * * *
Okay, then.
As you read the scroll labelled SAEGIUDGHITT, it crumbles to dust.
It is a scroll of enchant armour.
You aren't carrying any armour which can be enchanted further.
The killer bee misses you. The killer bee barely misses you.
The wight barely misses you.
The wight hits you from afar with a +0 spear of venom!
* * * LOW HITPOINT WARNING * * *
You are poisoned.
The killer bee stings you!
You die...
Your body crumbles into a pile of gold.

#.##.#.#.#.##...(.
#.#.........#.#.#
##.##.#.#.#.##..# #
#..#.........#D#.o.
#..'#.#.#.#.#$$.#
#..#...y....$#.#...
#.z##.#z#$#.##..# #
#.y#.....hD..#.#.#
#.@##.#.#.#.##.....
#..################
#..................
#...)..............
###################


You could see a killer bee and a wight.

Vanquished Creatures
  A quokka (D:4)
  A bat (D:2)
  A kobold (D:2)
  A rat (D:2)
4 creatures vanquished.

Vanquished Creatures (collateral kills)
  An oklob plant (D:6)
  A rime drake (D:8)
  A komodo dragon (D:8)
  Prince Ribbit (D:7)
  8 yaks
  A steam dragon (D:6)
  An acid dragon (D:9)
  A water moccasin (D:7)
  An orc warrior (D:7)
  2 black bears (D:6)
  2 ice beasts
  2 centaurs
  An ogre (D:7)
  A wolf (D:8)
  A phantom (D:5)
  2 kobold brigands (D:6)
  A gnoll sergeant (D:6)
  5 scorpions
  3 bullfrogs
  4 necrophages
  Dowan (D:7)
  4 killer bees (D:8)
  3 howler monkeys
  3 jellies
  4 orc priests
  4 hounds
  2 gnoll boudas
  4 iguanas
  Natasha (twice) (D:2)
  15 orc wizards
  5 adders
  14 gnolls
  A white imp (D:5)
  An ufetubus (D:6)
  2 worms (D:2)
  5 dart slugs
  36 orcs
  7 bats
  3 endoplasms
  2 giant cockroaches
  23 goblins
  7 hobgoblins
  2 jackals (D:1)
  14 kobolds
  5 quokkas
  7 ball pythons
  4 frilled lizards
  5 rats
225 creatures vanquished.

Vanquished Creatures (others)
  Grinder (D:4)
  2 yaks (D:8)
  Duvessa (D:7)
  An ice beast (D:7)
  An orc warrior (D:9)
  2 water moccasins (D:5)
  2 black bears
  3 wolves (D:8)
  3 centaurs
  A kobold brigand (D:7)
  2 gnoll sergeants
  A killer bee (D:8)
  Crazy Yiuf (D:2)
  Natasha (D:2)
  An orc wizard (D:9)
  4 gnolls
  An ufetubus (D:5)
  32 fungi
  42 plants (D:6)
102 creatures vanquished.

Grand Total: 331 creatures vanquished

Notes
Turn   | Place    | Note
-------+----------+-------------------------------------------
     0 | D:1      | NinjaNoafa the Felid Summoner began the quest for the Orb.
     0 | D:1      | Reached XP level 1. HP: 7/7 MP: 4/4
   111 | D:1      | Reached XP level 2. HP: 11/11 MP: 4/6
   115 | D:1      | Learned a level 2 spell: Call Imp
   552 | D:1      | Reached XP level 3. HP: 14/14 MP: 2/8
   556 | D:1      | Learned a level 3 spell: Call Canine Familiar
   746 | D:2      | Noticed Natasha
   758 | D:2      | Killed Natasha
  1001 | D:2      | Reached XP level 4. HP: 18/18 MP: 4/9
  1006 | D:2      | Learned a level 3 spell: Summon Guardian Golem
  1161 | D:2      | Found Fohemet's General Store.
  1210 | D:2      | Found Putebief's Assorted Antiques.
  1348 | D:2      | Found a runed translucent door.
  1349 | D:2      | Noticed Crazy Yiuf
  1362 | D:2      | Killed Crazy Yiuf
  1363 | D:2      | Reached skill level 1 in Hexes
  1363 | D:2      | Reached skill level 5 in Summonings
  1400 | D:2      | Noticed Natasha
  1416 | D:2      | Killed Natasha
  1417 | D:2      | Reached XP level 5. HP: 21/21 MP: 8/11
  1559 | D:3      | Found a stormy altar of Qazlal.
  1562 | D:3      | Noticed a fire elemental
  1562 | D:3      | Noticed an air elemental
  1562 | D:3      | Noticed a water elemental
  1806 | D:3      | Found an iron altar of Okawaru.
  1892 | D:3      | Found Huhir's Weapon Shoppe.
  2177 | D:3      | Gained mutation: You are covered in thick fur. (AC +2)
                  | [Felid growth]
  2177 | D:3      | Reached XP level 6. HP: 24/24 MP: 9/13
  2391 | D:4      | Found a hazy altar of Hepliaklqana.
  2397 | D:4      | Found an opulent altar of Gozag.
  2408 | D:4      | Became a worshipper of Gozag Ym Sagoz the Greedy
  2510 | D:4      | Found Winuor's Distillery.
  2522 | D:4      | Bought a potion of degeneration for 11 gold pieces
  2621 | D:2      | Noticed Natasha
  2629 | D:2      | Killed Natasha
  2647 | D:2      | Bought a ruby potion for 22 gold pieces
  2647 | D:2      | Bought a fuming pink potion for 22 gold pieces
  2647 | D:2      | Bought 2 scrolls labelled SOTIJA WAMORIU for 50 gold pieces
  2647 | D:2      | Bought a scroll labelled GUTTIU ITEBB for 25 gold pieces
  2945 | D:4      | Noticed Grinder
  2976 | D:4      | Killed Grinder
  2977 | D:4      | Reached skill level 5 in Hexes
  2977 | D:4      | Reached skill level 6 in Summonings
  2977 | D:4      | Reached XP level 7. HP: 21/27 MP: 1/15
  3016 | D:4      | Found a shimmering altar of Xom.
  3098 | D:4      | Reached skill level 5 in Spellcasting
  3160 | D:4      | Noticed Blork the orc
  3177 | D:4      | Found a shimmering blue altar of Sif Muna.
  3498 | D:5      | Entered Level 5 of the Dungeon
  3521 | D:5      | Found a snail-covered altar of Cheibriados.
  3568 | D:5      | Learned a level 4 spell: Summon Lightning Spire
  3622 | D:5      | Found a shadowy altar of Dithmenos.
  3702 | D:5      | Found a radiant altar of Vehumet.
  3792 | D:5      | Reached skill level 1 in Air Magic
  3939 | D:5      | Reached skill level 7 in Summonings
  3939 | D:5      | Reached XP level 8. HP: 31/31 MP: 7/17
  4029 | D:2      | Bought a fine pewter amulet for 125 gold pieces
  4029 | D:2      | Identified the amulet of Heudac {Faith rF++ Str-5 Dex+8}
                  | (You bought it in a shop on level 2 of the Dungeon)
  4264 | D:5      | Found a staircase to the Ecumenical Temple.
  4320 | Temple   | Entered the Ecumenical Temple
  4320 | Temple   | Found a transporter.
  4320 | Temple   | Found a transporter.
  4335 | Temple   | Found a transporter.
  4335 | Temple   | Found a transporter.
  4725 | D:6      | Reached skill level 8 in Summonings
  4765 | D:6      | Noticed barkas's ghost (novice DsSu)
  4766 | D:6      | Found a transporter.
  4767 | D:6      | Identified the +6 great mace of Rovum {holy, rPois Str+2
                  | Stlth+}
  4767 | D:6      | Identified the +4 dire flail of Disintegration {antimagic,
                  | rCorr Int-4 Dex+3}
  4767 | D:6      | Noticed a two-headed ogre
  4817 | D:6      | Reached XP level 9. HP: 34/34 MP: 8/20
  5326 | D:6      | Reached skill level 5 in Air Magic
  5332 | D:6      | Reached skill level 9 in Summonings
  5578 | D:2      | Bought a scroll labelled IMOOJIGAME for 25 gold pieces
  5578 | D:2      | Bought a scroll labelled SAEGIUDGHITT for 25 gold pieces
  5578 | D:2      | Bought a scroll labelled SOTIJA WAMORIU for 25 gold pieces
  5658 | D:4      | Bought a potion of curing for 33 gold pieces
  5658 | D:4      | Bought a potion of resistance for 110 gold pieces
  5658 | D:4      | Bought a potion of cancellation for 88 gold pieces
  5726 | D:2      | Bought a scroll of magic mapping for 90 gold pieces
  6059 | D:6      | Found a blossoming altar of Fedhas.
  6070 | D:6      | Noticed an oklob plant
  6088 | D:6      | Killed an oklob plant
  6384 | D:7      | Reached XP level 10. HP: 37/37 MP: 19/23
  6582 | D:7      | Noticed Duvessa
  6582 | D:7      | Noticed Dowan
  6585 | D:7      | Killed Dowan
  6601 | D:7      | Killed Duvessa
  6617 | D:7      | Found a hide-covered altar of Uskayaw.
  6875 | D:7      | Found an ornate altar of the Wu Jian Council.
  6886 | D:7      | Reached skill level 1 in Ice Magic
  6929 | D:7      | Noticed Prince Ribbit
  6954 | D:7      | Killed Prince Ribbit
  7253 | D:8      | Reached skill level 10 in Summonings
  7382 | D:8      | Noticed Maggie
  7394 | D:8      | Killed from afar by Maggie
  7395 | D:8      | Reached XP level 9. HP: -1/34 MP: 21/22
  7403 | D:8      | Found a staircase to the Lair.
  7403 | D:8      | Noticed a rime drake
  7429 | D:8      | Killed a rime drake
  7717 | D:8      | Learned a level 3 spell: Ozocubu's Armour
  7813 | D:8      | Reached XP level 10. HP: 37/37 MP: 14/24
  7857 | D:8      | Engulfed by a steam dragon's steam
  7858 | D:8      | Reached XP level 9. HP: -3/34 MP: 15/23
  7939 | D:8      | Identified the +2 robe of Darkness {Str+2}
  8030 | D:8      | Found a burning altar of Makhleb.
  8030 | D:8      | Found an ancient bone altar of Kikubaaqudgha.
  8160 | D:8      | Found a glowing golden altar of the Shining One.
  8510 | D:9      | Slain by a killer bee

Illustrated notes

Levels and vault maps discovered:
D:1:      shiori_arrival_maze, layout_loops_ring
D:2:      layout_basic, serial_shops, nicolae_shop_window_shopping,
          nicolae_shop_stone, uniq_natasha, uniq_crazy_yiuf_cottage
D:3:      cheibrodos_greedy_goblins, layout_rooms,
          nicolae_qazlal_style_of_elements, kennysheep_okawaru_gauntlet,
          serial_shops, nicolae_shop_bloodbath_and_beyond
D:4:      layout_layer_cave, tgw_xom, tgw_sif, grunt_temple_overflow_open,
          serial_shops, nicolae_diamond_shop, minivault_25, wad_rectangle_vault,
          uniq_grinder
D:5:      layout_layer_cave, mainiacjoe_overflow_paths,
          mainiacjoe_overflow_boulevard, mainiacjoe_overflow_cross_hatched,
          minmay_temple_entry_slanted, minivault_27, minmay_manual_mares
D:6:      layout_layer_cave, tgw_fedhas, gammafunk_ghost_smash,
          minmay_increasing_density
D:7:      minmay_skewed_foursquare, layout_gridville,
          mainiacjoe_overflow_small_starburst, mainiacjoe_overflow_alcove_4,
          hangedman_decor_points, minmay_misc_feat_four_crosses,
          uniq_prince_ribbit1, uniq_duvessa
D:8:      layout_basic, old_standard_altar, gammafunk_temple_overflow_elements,
          hellmonk_lair_entry_icy, uniq_maggie
D:9:      layout_loops_ring, serial_shops, kennysheep_mini_moat,
          minmay_the_grid_2x2 [minmay_the_grid_minigrid_small_alt,
          minmay_the_grid_gridbox, minmay_the_grid_medium_cups,
          minmay_the_grid_prize_trominoes]
Temple:   hellmonk_temple_divided_pantheon

Skill      XL: |  1  2  3  4  5  6  7  8  9 10 |
---------------+-------------------------------+-----
Spellcasting   | 3 4 5 6 9 |  9.8
Hexes          | 2 3 5 |  5.0
Summonings     | 5 6 7 8 9 10 | 10.0
Air Magic      | 1 4 7 |  7.0
Ice Magic      | 3 4 |  4.8
Dodging        | |  2.6
Stealth        | |  2.6

Action                     |  1- 3 |  4- 6 |  7- 9 | 10-12 || total
---------------------------+-------+-------+-------+-------++-------
  Melee: Unarmed           |     6 |    11 |     5 |       ||    22
         Bite              |     1 |       |     1 |       ||     2
   Cast: Summon Small Mamm |    25 |    34 |    41 |    21 ||   121
         Call Imp          |     9 |    17 |    23 |     9 ||    58
         Call Canine Famil |     4 |    14 |    30 |    10 ||    58
         Summon Guardian G |       |     8 |    29 |     8 ||    45
         Summon Lightning  |       |       |    24 |     3 ||    27
         Ozocubu's Armour  |       |       |     9 |       ||     9
  Evoke: Wand              |       |     3 |     2 |       ||     5
    Use: Scroll            |       |       |     9 |       ||     9
         Potion            |       |       |     2 |       ||     2
   Stab: Sleeping          |     1 |     1 |       |       ||     2
         Betrayed ally     |       |       |     1 |       ||     1
 Armour: Skin              |       |     4 |    10 |     3 ||    17
  Dodge: Dodged            |    10 |    34 |   112 |    18 ||   174

Table legend: (Time is in decaauts)
 A = Elapsed time spent in this place.
 B = Non-inter-level travel time spent in this place.
 C = Inter-level travel time spent in this place.
 D = Time resting spent in this place.
 E = Time spent auto-exploring this place.
 F = Levels seen in this place.
 G = Mean time per level.
                   A        B        C        D        E       F      G
               +--------+--------+--------+--------+--------+-----+--------+
         Total |   7232 |   5857 |   1375 |      0 |    651 |  10 |  723.2 |
       Dungeon |   7214 |   5842 |   1372 |      0 |    638 |   9 |  801.6 |
        Temple |     17 |     15 |      2 |      0 |     13 |   1 |   17.0 |
               +--------+--------+--------+--------+--------+-----+--------+

Top non-repeatable levels by time:
     D:6: 1133 daAuts
     D:4: 1099 daAuts
     D:8: 968 daAuts
     D:7: 869 daAuts
     D:2: 824 daAuts
     D:5: 803 daAuts
     D:3: 761 daAuts
     D:1: 617 daAuts
     D:9: 135 daAuts
  Temple: 17 daAuts
